 Dungeon Crawl Stone Soup version 0.31-a0-100-g5d82226 (webtiles) character file.

Game seed: 12786909163858284690

16340 PublicAnimeNo1 the Unseen (level 12, -14/100 HPs)
             Began as a Naga Enchanter on May 26, 2023.
             Was a Priest of Wu Jian.
             Demolished by a minotaur
             ... wielding a staff of earth
              (18 damage)
             ... in a Gauntlet.
             The game lasted 00:32:06 (13568 turns).

PublicAnimeNo1 the Unseen (Naga Enchanter)         Turns: 13568, Time: 00:32:07

Health: -14/100    AC:  8    Str: 11      XL:     12   Next: 36%
Magic:  12/15      EV: 14    Int: 23 (27) God:    Wu Jian [***...]
Gold:   788        SH:  8    Dex: 14      Spells: 4/15 levels left

rFire   . . .        i - +3 short sword (heavy)
rCold   . . .        x - +2 buckler of the Battered Villages {rN+}
rNeg    + . .        A - +1 leather armour {Will+}
rPois   +            (no helmet)
rElec   .            G - +1 cloak
rCorr   .            (no gloves)
SInv    +            (no barding)
Will    ++...        c - amulet of the acrobat
Stlth   ++++++       s - ring of the Barnacle {Int+6 Dex+3}
HPRegen 0.36/turn    n - +5 ring of evasion
MPRegen 0.14/turn

%: no teleportation, acrobat
@: confusing by touch, very slow
A: AC +4, large, see invisible, deformed body, poison resistance, slowness 2,
spit poison 1, naga tail 1
a: Spit Poison, Renounce Religion, Wall Jump, Serpent's Lash


You were in a Gauntlet.
You worshipped Wu Jian.
Wu Jian was most pleased with you.
You visited 3 branches of the dungeon, and saw 14 of its levels.
You also visited: Gauntlet.

You collected 846 gold pieces.
You spent 58 gold pieces at shops.

Inventory:

Hand Weapons
 a - a +4 dagger of venom
 d - a +1 dagger of holy wrath
 i - a +3 heavy short sword (weapon)
 j - a +1 dagger
 y - a +3 scimitar
Missiles
 l - a throwing net
Armour
 b - a +1 robe
 x - the +2 buckler of the Battered Villages (worn) {rN+}
   (You found it on level 4 of the Dungeon)

   rN:        It protects you from negative energy.
 A - a +1 leather armour of willpower (worn)
 B - a +0 helmet
 G - a +1 cloak (worn)
 N - a +1 pair of gloves of strength
Jewellery
 c - an amulet of the acrobat (around neck)
 n - a +5 ring of evasion (right hand)
 q - a +6 ring of intelligence
 s - the ring of the Barnacle (left hand) {Int+6 Dex+3}
   (You acquired it on level 5 of the Dungeon)

   [ring of intelligence]

   Int:       It affects your intelligence (+6).
   Dex:       It affects your dexterity (+3).
 v - a ring of protection from fire
 D - a ring of resist corrosion
 F - a ring of protection from fire
 M - the ring "Bimaica" {Wiz rN+ Will- rCorr Int+4}
   (You found it in a Gauntlet)

   [ring of wizardry]

   It improves your spell success rate.
   Int:       It affects your intelligence (+4).
   rN:        It protects you from negative energy.
   rCorr:     It protects you from acid and corrosion.
   Will:      It decreases your willpower.
 O - the ring "Poumnewk" {rPois AC+4 Str+3 Dex+2 Slay-3}
   (You found it in a Gauntlet)

   [ring of protection]

   AC:        It affects your AC (+4).
   Str:       It affects your strength (+3).
   Dex:       It affects your dexterity (+2).
   Slay:      It affects your accuracy & damage with ranged weapons and melee
   (-3).
   rPois:     It protects you from poison.
Wands
 o - a wand of mindburst (9)
 H - a wand of roots (12)
Scrolls
 g - 3 scrolls of magic mapping
 m - 2 scrolls of fog
 t - 3 scrolls of butterflies
 u - 3 scrolls of identify
 w - 2 scrolls of teleportation
 z - 5 scrolls of enchant weapon
 I - a scroll of immolation
 J - 2 scrolls of blinking
 K - 2 scrolls of silence
 L - 2 scrolls of fear
Potions
 e - 4 potions of brilliance
 f - 6 potions of curing
 h - 3 potions of haste
 k - a potion of magic
 p - 4 potions of heal wounds
 r - 4 potions of mutation
 C - a potion of cancellation
 E - 2 potions of enlightenment


   Skills:
 + Level 4.5 Fighting
 + Level 6.0 Short Blades
 - Level 1.5 Dodging
 + Level 15.9 Stealth
 - Level 7.7 Shields
 - Level 2.0 Spellcasting
 + Level 4.3 Conjurations
 + Level 10.5 Hexes
 - Level 6.7 Ice Magic


You had 4 spell levels left.
You knew the following spells:

 Your Spells              Type           Power      Damage    Failure   Level
a - Ensorcelled Hibernat  Hex/Ice        80%        N/A       1%          2
b - Confusing Touch       Hex            50%        N/A       1%          3
c - Tukima's Dance        Hex            50%        N/A       1%          3
d - Dazzling Flash        Conj/Hex       70%        N/A       3%          3

Your spell library contained the following spells:

 Spells                   Type           Power      Damage    Failure   Level
 Static Discharge         Conj/Air       22%        2-3/arc   16%         2
 Airstrike                Air            1%         2d(1-17)  91%         4
 Manifold Assault         Tloc           2%         N/A       91%         4
 Summon Lightning Spire   Summ/Air       1%         N/A       94%         4
 Silence                  Hex/Air        12%        N/A       61%         5
 Agony                    Necr           2%         N/A       99%         5
 Dispersal                Tloc           1%         N/A       100%        6
 Disjunction              Tloc           1%         N/A       100%        8


Dungeon Overview and Level Annotations

Branches:
Dungeon (10/15)            Temple (1/1) D:7            Lair (3/5) D:10
  Swamp (0/4) Lair:2        Snake (0/4) Lair:2          Orc (0/2) D:9
Gauntlet (1/1)

Altars:
Ashenzari
Cheibriados
Dithmenos
Elyvilon
Fedhas
Gozag
Hepliaklqana
Kikubaaqudgha
Makhleb
Nemelex Xobeh
Okawaru
Qazlal
Ru
Sif Muna
Trog
Uskayaw
Vehumet
Wu Jian
Xom
Yredelemnul
Zin
The Shining One

Shops:
D:4 [*   D:6 *

Annotations:
D:2 1 runed translucent door, Crazy Yiuf
D:8 Psyche Gauntlet 12 transporters, exclusions: ice statue and obsidian statue


Innate Abilities, Weirdness & Mutations

Your serpentine skin is tough. (AC +4)
You have supernaturally acute eyesight. (SInv)
Armour fits poorly on your strangely shaped body.
Your system is resistant to poisons. (rPois)
You cover ground very slowly.
You can spit poison.
You have a snake-like lower body.


Message History

The minotaur moves out of view.
You block the minotaur's attack.
The minotaur hits you with a staff of earth.
The minotaur misses you.
There is an open door, spattered with blood here.
Okay, then.
Aiming: Fastroot
Press: ? - help, Shift-Dir - straight line The roots erupt in riotous growth!
Roots grab the minotaur.
The grasping roots constrict the minotaur.
The minotaur completely misses you.
The minotaur hits you with a staff of earth!!
The minotaur gores you.
Casting: Confusing Touch (safe; 1% risk of failure)
Confirm with . or Enter, or press ? or * to list all spells.
Your hands begin to glow red.
The grasping roots constrict the minotaur.
The roots release their grip on the minotaur.
The minotaur barely misses you.
The minotaur hits you with a staff of earth!
The minotaur gores you.
You hit the minotaur but do no damage.
The minotaur is lightly wounded.
The minotaur hits you with a staff of earth!!
The minotaur hits you with a staff of earth!
You block the minotaur's attack.
You hit the minotaur but do no damage.
The minotaur is lightly wounded.
The minotaur hits you with a staff of earth!
* * * LOW HITPOINT WARNING * * *
The minotaur hits you with a staff of earth!!
* * * LOW HITPOINT WARNING * * *
The minotaur shatters you.
* * * LOW HITPOINT WARNING * * *
The minotaur barely misses you.
You hit the minotaur but do no damage.
The minotaur is lightly wounded.
The minotaur hits you with a staff of earth!!
You die...

###
####8..©.©.©.©.©.©..8####
### #≈...............≈#
#####.###.###.#####
###.###.###.#
#............
#.###.###.##
#.###.###.###.#
#.............#
#######@###### #.H...#
###.### ... ≈∩≈ ≈≈≈≈≈
#####


You could see a minotaur.

Vanquished Creatures
  3 two-headed ogres
  A wolf spider (Lair:2)
  2 black mambas (Lair:2)
  Maurice (D:8)
  4 cane toads
  Maggie (D:6)
  A rime drake (Lair:2)
  An efreet (D:9)
  An ice devil (Gauntlet)
  4 komodo dragons
  2 hornets
  3 blink frogs (Lair:2)
  3 shadows (Gauntlet)
  2 wraiths
  A wyvern (D:10)
  13 yaks
  A neqoxec (Gauntlet)
  3 steam dragons
  3 chaos spawn (Gauntlet)
  A human (D:9)
  An acid dragon (D:10)
  11 water moccasins
  4 orc warriors (D:9)
  3 black bears
  2 ogres
  2 centaurs (D:6)
  10 wolves
  2 phantoms (D:6)
  A kobold brigand (D:8)
  7 bullfrogs
  2 gnoll sergeants (D:9)
  7 wights
  6 killer bees (D:9)
  2 howler monkeys
  A jelly (D:7)
  6 orc priests
  3 hounds
  An iguana (D:7)
  2 sleepcaps
  8 orc wizards
  9 adders
  13 gnolls
  A shadow imp (D:5)
  6 white imps
  A worm (D:4)
  A dart slug (D:1)
  22 orcs
  4 ball pythons
  5 endoplasms
  A giant cockroach (D:3)
  7 goblins
  6 hobgoblins
  5 quokkas
  3 bats
  4 frilled lizards
  7 kobolds
  2 rats
229 creatures vanquished.

Vanquished Creatures (others)
  A wight (D:9)
  An orc (D:9)
2 creatures vanquished.

Grand Total: 231 creatures vanquished

Notes
Turn   | Place    | Note
-------+----------+-------------------------------------------
     0 | D:1      | PublicAnimeNo1 the Naga Enchanter began the quest for the
                  | Orb.
     0 | D:1      | Reached XP level 1. HP: 15/15 MP: 3/3
     2 | D:1      | Noticed a vampire
     2 | D:1      | Noticed an armataur
     4 | D:1      | Noticed a troll
     6 | D:1      | Noticed a naga
     6 | D:1      | Noticed a draconian
     8 | D:1      | Noticed a tengu
     8 | D:1      | Noticed a demigod
    10 | D:1      | Noticed an elf
    10 | D:1      | Noticed a human
    12 | D:1      | Noticed an ogre
    12 | D:1      | Noticed a formicid
    14 | D:1      | Noticed a ghoul
    14 | D:1      | Noticed a vine stalker
    16 | D:1      | Noticed a spriggan
    18 | D:1      | Noticed a merfolk
    18 | D:1      | Noticed an octopode
    20 | D:1      | Noticed a felid
    22 | D:1      | Noticed a gargoyle
    22 | D:1      | Noticed a demonspawn
    24 | D:1      | Noticed an ogre
    24 | D:1      | Noticed a meteoran
    26 | D:1      | Noticed an ogre
    26 | D:1      | Noticed a spriggan
   417 | D:1      | Reached XP level 2. HP: 15/24 MP: 5/5
  1032 | D:2      | Reached skill level 1 in Fighting
  1041 | D:2      | Reached XP level 3. HP: 19/31 MP: 6/6
  1044 | D:2      | Learned a level 2 spell: Ensorcelled Hibernation
  1099 | D:2      | Reached skill level 5 in Stealth
  1218 | D:2      | Found a runed translucent door.
  1219 | D:2      | Noticed Crazy Yiuf
  2226 | D:3      | Reached XP level 4. HP: 38/38 MP: 7/7
  2230 | D:3      | Learned a level 3 spell: Confusing Touch
  2406 | D:3      | Noticed an ogre
  2416 | D:3      | Killed an ogre
  2417 | D:3      | Reached skill level 6 in Stealth
  2417 | D:3      | Reached XP level 5. HP: 30/44 MP: 5/8
  2421 | D:3      | Learned a level 3 spell: Tukima's Dance
  2552 | D:3      | Found a white marble altar of Elyvilon.
  2595 | D:3      | Found a faded altar of an unknown god.
  2876 | D:4      | Found Ipaixt's Elemental Accessories.
  2908 | D:4      | Found Arhyme Leelu's Armour Emporium.
  2909 | D:4      | Identified the +2 long sword of the Howling Badger {heavy,
                  | rElec rPois Int+5 SInv}
  2916 | D:4      | Bought a +0 buckler for 58 gold pieces
  2959 | D:4      | Identified the +0 pair of boots of the Red Skies {rPois}
  3132 | D:4      | Reached skill level 1 in Shields
  3132 | D:4      | Reached XP level 6. HP: 35/51 MP: 9/9
  3262 | D:4      | Identified the +2 buckler of the Battered Villages {rN+}
  3276 | D:4      | Found a shimmering blue altar of Sif Muna.
  3523 | D:5      | Entered Level 5 of the Dungeon
  3525 | D:5      | Identified a scroll of acquirement
  3525 | D:5      | Acquired the ring of the Barnacle {Int+6 Dex+3}
  3716 | D:5      | Identified the +4 flail of Distant Worlds {antimagic,
                  | Contam rPois Will+}
  3800 | D:5      | Reached skill level 7 in Stealth
  3998 | D:5      | Reached XP level 7. HP: 56/57 MP: 10/10
  4198 | D:6      | Noticed a wraith
  4504 | D:6      | Reached skill level 5 in Hexes
  4532 | D:6      | Reached skill level 8 in Stealth
  4665 | D:6      | Found an ancient bone altar of Kikubaaqudgha.
  4674 | D:6      | Found an iron altar of Okawaru.
  4717 | D:6      | Reached XP level 8. HP: 61/64 MP: 2/11
  4812 | D:6      | Reached skill level 9 in Stealth
  5349 | D:6      | Noticed Maggie
  5360 | D:6      | Killed Maggie
  5361 | D:6      | Reached skill level 10 in Stealth
  5445 | D:6      | Found an opulent altar of Gozag.
  5449 | D:6      | Found Gozag's Platinum Reserve.
  5567 | D:6      | Reached skill level 1 in Ice Magic
  5576 | D:6      | Killed a wraith
  5577 | D:6      | Reached XP level 9. HP: 47/70 MP: 9/12
  5827 | D:7      | Reached skill level 5 in Shields
  6251 | D:7      | Found a staircase to the Ecumenical Temple.
  6274 | Temple   | Entered the Ecumenical Temple
  6279 | Temple   | Became a worshipper of the Wu Jian Council
  6389 | D:7      | Reached skill level 11 in Stealth
  6777 | D:8      | Noticed Maurice
  6785 | D:8      | Killed Maurice
  6825 | D:8      | Noticed Psyche
  7551 | D:8      | Found a broken altar of Ashenzari.
  7553 | D:8      | Found a radiant altar of Vehumet.
  8219 | D:9      | Reached * piety under Wu Jian
  8220 | D:9      | Reached skill level 12 in Stealth
  8224 | D:9      | Reached XP level 10. HP: 78/78 MP: 7/13
  8244 | D:9      | Noticed a two-headed ogre
  8260 | D:9      | Killed a two-headed ogre
  8623 | D:9      | Noticed a two-headed ogre
  8639 | D:9      | Killed a two-headed ogre
  8640 | D:9      | Reached skill level 13 in Stealth
  8640 | D:9      | Reached skill level 5 in Ice Magic
  8674 | D:9      | Found a staircase to the Orcish Mines.
  9380 | D:9      | Reached ** piety under Wu Jian
  9506 | D:9      | Reached XP level 11. HP: 68/84 MP: 14/14
  9515 | D:9      | Reached skill level 14 in Stealth
  9726 | D:10     | Entered Level 10 of the Dungeon
  9790 | D:10     | Noticed a two-headed ogre
  9839 | D:10     | Killed a two-headed ogre
  9991 | D:10     | Found a staircase to the Lair.
 10300 | D:10     | Learned a level 3 spell: Dazzling Flash
 10741 | D:10     | Reached skill level 1 in Conjurations
 10742 | Lair:1   | Entered Level 1 of the Lair of Beasts
 11104 | Lair:1   | Reached skill level 15 in Stealth
 11583 | Lair:2   | Found a staircase to the Snake Pit.
 11587 | Lair:2   | Reached skill level 5 in Short Blades
 11587 | Lair:2   | Reached skill level 10 in Hexes
 11900 | Lair:2   | Reached XP level 12. HP: 98/98 MP: 10/15
 12283 | Lair:2   | Found a staircase to the Swamp.
 12284 | Lair:2   | Reached *** piety under Wu Jian
 12652 | Lair:3   | Found a gate leading to a gauntlet.
 12663 | Gauntlet | Entered a Gauntlet
 12663 | Gauntlet | Found a transporter.
 12677 | Gauntlet | Found a transporter.
 12687 | Gauntlet | Found a transporter.
 12692 | Gauntlet | Found a transporter.
 12695 | Gauntlet | Noticed a death scarab
 12700 | Gauntlet | Noticed a death scarab
 12707 | Gauntlet | Found a transporter.
 12726 | Gauntlet | Found a transporter.
 12738 | Gauntlet | Found a transporter.
 12750 | Gauntlet | Found a transporter.
 12762 | Gauntlet | Found a transporter.
 12771 | Gauntlet | Noticed a death yak
 12772 | Gauntlet | Noticed a death yak
 12773 | Gauntlet | Noticed a death yak
 12774 | Gauntlet | Found a transporter.
 12776 | Gauntlet | Noticed a death yak
 12780 | Gauntlet | Found a transporter.
 12780 | Gauntlet | Found a transporter.
 12820 | Gauntlet | Found a transporter.
 12847 | Gauntlet | Found a transporter.
 12873 | Gauntlet | Found a transporter.
 12893 | Gauntlet | Found a transporter.
 12895 | Gauntlet | Found a transporter.
 12937 | Gauntlet | Identified the ring "Bimaica" {Wiz rN+ Will- rCorr Int+4}
 13029 | Gauntlet | Found a transporter.
 13547 | Gauntlet | Identified the ring "Poumnewk" {rPois AC+4 Str+3 Dex+2
                  | Slay-3}
 13562 | Gauntlet | Identified the +4 scale mail "Digeeqask" {*Slow Fly Regen+
                  | MP+9 SInv}
 13562 | Gauntlet | Noticed a minotaur
 13567 | Gauntlet | HP: 4/100 [minotaur/staff of earth (5)]
 13568 | Gauntlet | Demolished by a minotaur

Illustrated notes

Levels and vault maps discovered:
D:1:      kb_arrival_jail, layout_loops_ring
D:2:      layout_loops_ring, serial_glass, glass_columns_c, glass_columns_a,
          glass_columns_c, glass_columns_a, glass_columns_a, glass_columns_a,
          glass_columns_c, glass_columns_c, glass_columns_c, glass_columns_a,
          due_unseen_surprise, feat_on_display, minmay_strange_pillars,
          minmay_strange_pillars, uniq_crazy_yiuf_cottage
D:3:      layout_loops_corners, marbit_many_paths, basic_ecumenical_altar,
          chequers_serial_rivers_marsh
D:4:      layout_cave_pools, nicolae_sif_muna_little_library,
          nicolae_elemental_shop, nicolae_stop_n_shop_1,
          chequers_serial_rivers_small_b, nicolae_titane
D:5:      layout_cave_pools
D:6:      layout_loops_ring, nicolae_gozag_zags_fifth_avenue,
          mainiacjoe_overflow_swirl, uniq_maggie
D:7:      layout_loops_ring, minmay_temple_entry_large_hall, serial_park_tiny_2,
          grunt_ministairs_5
D:8:      layout_loops_corners, mainiacjoe_overflow_catwalk_spiral, uniq_psyche,
          uniq_maurice
D:9:      layout_roguey, erik_orc_4, st_stairs_4, minivault_20,
          patterned_corridor
D:10:     cheibrodos_helix_gallery, layout_gridville, david_lair_shrubbed
Temple:   minmay_freezing_vapour_temple
Lair:1:   layout_misc_corridors, serial_bayou_shore_a, grunt_megastairs_2
Lair:2:   minmay_lair_venomous_thicket, layout_long_grid, swamp_mist,
          minmay_snake_entry_six_corridors
Lair:3:   layout_hall_layers, gauntlet_entry_generic, grunt_megastairs_1,
          infiniplex_staircase_pool, uniq_sonja
Gauntlet: gammafunk_gauntlet_one_two_three [gammafunk_gauntlet_arena_spirals,
          gammafunk_gauntlet_arena_hedges, gammafunk_gauntlet_arena_split_x,
          gammafunk_gauntlet_arena_chambers, gammafunk_gauntlet_arena_crates,
          nicolae_gauntlet_arena_flowing_pool, gammafunk_gauntlet_arena_grid,
          nicolae_gauntlet_arena_x, nicolae_gauntlet_arena_t_cross,
          gauntlet_exit_watery]

Skill      XL: |  1  2  3  4  5  6  7  8  9 10 11 12 |
---------------+-------------------------------------+-----
Short Blades   | 2 3 4 5 6 |  6.0
Fighting       | 1 3 4 |  4.5
Stealth        | 5 6 7 8 10 12 13 15 | 15.9
Hexes          | 4 5 6 7 9 10 | 10.5
Shields        | 1 2 3 4 6 7 |  7.7
Ice Magic      | 1 4 6 |  6.7
Conjurations   | 3 4 |  4.3
Dodging        | |  1.5
Spellcasting   | |  2.0

Action                     |  1- 3 |  4- 6 |  7- 9 | 10-12 || total
---------------------------+-------+-------+-------+-------++-------
  Melee: Dagger            |    67 |    65 |   188 |   471 ||   791
         Short sword       |       |       |       |    43 ||    43
   Cast: Ensorcelled Hiber |       |     1 |    14 |    41 ||    56
         Confusing Touch   |       |       |     6 |    12 ||    18
         Tukima's Dance    |       |       |     2 |     3 ||     5
         Dazzling Flash    |       |       |       |     5 ||     5
Ability: Spit Poison       |    23 |    20 |     9 |    16 ||    68
         Lunge             |       |       |     8 |    32 ||    40
         Whirlwind         |       |       |       |     7 ||     7
  Evoke: Wand              |       |     1 |     5 |     7 ||    13
    Use: Scroll            |     9 |     6 |     5 |     9 ||    29
         Potion            |       |     1 |     1 |     9 ||    11
   Stab: Sleeping          |     4 |     2 |    20 |    40 ||    66
         Confused          |       |       |     4 |     9 ||    13
         Invisible         |       |       |     4 |     9 ||    13
         Distracted        |       |       |     1 |       ||     1
 Armour: Robe              |     5 |    10 |     5 |       ||    20
         Leather armour    |       |       |    10 |    58 ||    68
         Skin              |       |       |       |    39 ||    39
  Dodge: Dodged            |    23 |    22 |    98 |   185 ||   328
  Block: Buckler           |       |     8 |    51 |   139 ||   198

Table legend: (Time is in decaauts)
 A = Elapsed time spent in this place.
 B = Non-inter-level travel time spent in this place.
 C = Inter-level travel time spent in this place.
 D = Time resting spent in this place.
 E = Time spent auto-exploring this place.
 F = Levels seen in this place.
 G = Mean time per level.
                   A        B        C        D        E       F      G
               +--------+--------+--------+--------+--------+-----+--------+
         Total |  16792 |  15709 |   1083 |   2802 |  10012 |  15 | 1119.5 |
       Dungeon |  13419 |  12395 |   1024 |   2034 |   8269 |  10 | 1341.9 |
        Temple |     13 |     13 |      0 |      0 |      0 |   1 |   13.0 |
          Lair |   2361 |   2303 |     58 |    395 |   1454 |   3 |  787.0 |
      Gauntlet |    998 |    998 |      0 |    373 |    287 |   1 |  998.0 |
               +--------+--------+--------+--------+--------+-----+--------+

Top non-repeatable levels by time:
     D:6: 1881 daAuts
     D:9: 1869 daAuts
     D:8: 1760 daAuts
     D:3: 1400 daAuts
  Lair:2: 1294 daAuts
    D:10: 1263 daAuts
     D:7: 1215 daAuts
     D:2: 1202 daAuts
     D:1: 1147 daAuts
Gauntlet: 998 daAuts
  Lair:1: 989 daAuts
     D:5: 840 daAuts
     D:4: 837 daAuts
  Lair:3: 77 daAuts
  Temple: 13 daAuts
